 Dungeon Crawl Stone Soup version 0.30.1-4-g462c640d31 (webtiles) character file.

Game seed: 3101405029105973656

18134 booth the Severer (level 12, -15/112 HPs)
             Began as a Hill Orc Monk on Sept 9, 2023.
             Was an Elder of Beogh.
             Shot with an arrow by Nessos (19 damage)
             ... on level 12 of the Dungeon on Sept 10, 2023.
             The game lasted 01:04:59 (10930 turns).

booth the Severer (Hill Orc Monk)                  Turns: 10930, Time: 01:04:59

Health: -15/112    AC: 14    Str: 19    XL:     12   Next: 55%
Magic:  21/21      EV: 18    Int: 10    God:    Beogh [****..]
Gold:   511        SH:  0    Dex: 13    Spells: 11/11 levels left

rFire   . . .        f - +2 war axe (venom)
rCold   . . .        d - orb {light}
rNeg    . . .        w - +4 ring mail
rPois   .            K - +1 helmet
rElec   .            (no cloak)
rCorr   .            O - +0 pair of gloves
SInv    .            t - +1 pair of boots
Will    +....        A - amulet of regeneration
Stlth   +            b - ring of willpower
HPRegen 1.18/turn    v - +5 ring of evasion
MPRegen 0.17/turn

%: clarity
@: lethally poisoned (-15 -> -35), glowing
A: clarity
a: Renounce Religion, Smiting, Recall Orcish Followers


You were on level 12 of the Dungeon.
You worshipped Beogh.
Beogh was greatly pleased with you.
You visited 1 branch of the dungeon, and saw 12 of its levels.

You collected 614 gold pieces.
You spent 103 gold pieces at shops.

Inventory:

Hand Weapons
 f - a +2 war axe of venom (weapon)
 B - a +2 heavy flail
 L - a +2 trident of protection
 Q - a +3 mace
Missiles
 a - a throwing net
 i - 8 boomerangs (quivered)
 k - 4 curare-tipped darts
 q - 16 poisoned darts
Armour
 d - an orb of light (worn)
 t - a +1 pair of boots (worn)
 u - a +0 chain mail
 w - a +4 ring mail (worn)
 E - a +1 scale mail of willpower
 K - a +1 helmet (worn)
 O - a +0 pair of gloves (worn)
Jewellery
 b - a ring of willpower (left hand)
 g - a +6 ring of dexterity
 l - a +4 ring of slaying
 r - a ring of poison resistance
 v - a +5 ring of evasion (right hand)
 A - an amulet of regeneration (around neck)
 F - a ring of positive energy
Wands
 s - a wand of light (6)
 y - a wand of flame (9)
 z - a wand of charming (13)
 N - a wand of roots (6)
Scrolls
 e - 5 scrolls of teleportation
 j - a scroll of magic mapping
 n - 3 scrolls of identify
 D - 3 scrolls of fog
 G - a scroll of amnesia
 H - a scroll of fear
 M - 2 scrolls of poison
Potions
 c - a potion of ambrosia
 h - a potion of invisibility
 m - a potion of haste
 o - 2 potions of attraction
 p - 3 potions of lignification
 x - 2 potions of cancellation
 C - 3 potions of brilliance
 I - 3 potions of curing
 J - 4 potions of resistance
 P - a potion of flight


   Skills:
 + Level 11.8 Fighting
 * Level 17.2(17.6) Axes
 - Level 5.3(10.9) Maces & Flails
 + Level 7.1 Dodging
 + Level 12.0 Invocations


You had 11 spell levels left.
You didn't know any spells.
Your spell library contained the following spells:

 Spells                   Type           Power      Damage    Failure   Level
 Magic Dart               Conj           0%         1d3       54%         1
 Call Imp                 Summ           0%         N/A       69%         2
 Poisonous Vapours        Pois/Air       0%         N/A       69%         2
 Frozen Ramparts          Ice            0%         1d1       89%         3
 Mephitic Cloud           Conj/Pois/Air  0%         N/A       89%         3
 Vhi's Electric Charge    Tloc/Air       0%         N/A       89%         3
 Ice Form                 Ice/Tmut       0%         N/A       100%        4
 Summon Ice Beast         Ice/Summ       0%         N/A       100%        4
 Alistair's Intoxication  Tmut/Pois      0%         N/A       100%        5
 Arcjolt                  Conj/Air       0%         1d10      100%        5
 Borgnjor's Vile Clutch   Necr/Erth      0%         N/A       100%        5
 Freezing Cloud           Conj/Ice/Air   0%         6-21      100%        5
 Iskenderun's Battlesphe  Conj           0%         2d6       100%        5
 Eringya's Noxious Bog    Tmut/Pois      0%         N/A       100%        6
 Iron Shot                Conj/Erth      0%         9d1       100%        6
 Spellforged Servitor     Conj/Summ      0%         N/A       100%        7
 Maxwell's Capacitive Co  Air            0%         ∞         100%        8


Dungeon Overview and Level Annotations

Branches:
Dungeon (12/15)            Temple (0/1) D:7            Lair (0/5) D:8
    Orc (0/2) D:10

Altars:
Gozag
Kikubaaqudgha
Makhleb

Shops:
D:1 *   D:4 *   D:8 [

Annotations:
D:7 2 runed translucent doors, exclusion: orange crystal statue
D:12 Nessos


Innate Abilities, Weirdness & Mutations

You possess an exceptional clarity of mind.


Message History

You hear an angry buzzing noise.
You hit Nessos.
Nessos is poisoned.
Nessos is lightly wounded.
You feel extremely sick.
A vampire mosquito comes into view.
Nessos unwields a +1 longbow of flaming.
It stops flaming.
Nessos hits you. Nessos kicks you.
You slash Nessos!
Nessos looks as sick as possible!
Nessos is moderately wounded.
You hit the vampire mosquito but do no damage.
You feel very sick. Nessos hits you.
* * * LOW HITPOINT WARNING * * *
Nessos kicks you but does no damage. The vampire mosquito bites you.
* * * LOW HITPOINT WARNING * * *
The vampire mosquito draws strength from your injuries!
You swap places.
* * * LOW HITPOINT WARNING * * *
You feel extremely sick.
Nessos wields a +1 longbow of flaming.
It bursts into flame!
Nessos shoots an arrow.
The arrow completely misses your orc knight.
The arrow hits you!
* * * LOW HITPOINT WARNING * * *
The arrow burns you.
You are more poisoned.
* * * LOW HITPOINT WARNING * * *
The vampire mosquito bites your orc knight!
The vampire mosquito draws strength from your orc knight's injuries!
Nessos unwields a +1 longbow of flaming.
It stops flaming.
Nessos misses your orc knight. Nessos kicks your orc knight.
The vampire mosquito bites your orc knight.
The vampire mosquito draws strength from your orc knight's injuries!
* * * LOW HITPOINT WARNING * * *
You feel extremely sick.
Nessos wields a +1 longbow of flaming.
It bursts into flame!
Nessos shoots an arrow.
The arrow barely misses your orc knight.
The arrow hits you!!
You die...

##### ###...#
. #.....# ...
## ###...#
....#.#####.##
......c#o##.#
....y.yo.@..#
.......#o##.#
....#.#####.#
... ## #...# (
##..# #..#
#..### #....#
##.#.#


You could see Nessos (fast, extremely poisoned, ally target), 2 vampire
mosquitoes, a friendly orc knight and 2 friendly orc warriors.

Vanquished Creatures
  Josephine (D:10)
  A boulder beetle (D:12)
  4 two-headed ogres
  3 death yaks (D:8)
  Sonja (D:9)
  Pikel (D:5)
  A deep elf pyromancer (D:12)
  A manticore (D:12)
  Joseph (D:9)
  A gargoyle (D:10)
  An unseen horror (D:12)
  5 trolls
  Sigmund (D:3)
  2 slime creatures (D:12)
  5 wraiths
  2 shadows
  A wyvern (D:10)
  16 yaks
  A steam dragon (D:7)
  Grum (D:9)
  An acid dragon (D:11)
  A water moccasin (D:4)
  A sky beast (D:6)
  3 orc warriors
  2 centaurs
  An ogre (D:6)
  2 wolves (D:9)
  A phantom (D:6)
  A lemure (D:5)
  3 kobold brigands
  6 bullfrogs
  Blork the orc (D:4)
  5 scorpions
  9 wights
  4 killer bees (D:8)
  2 howler monkeys (D:11)
  An electric eel (D:11)
  A jelly (D:7)
  3 hounds
  5 orc priests
  Terence (D:3)
  2 iguanas
  6 orc wizards
  Ijyb (D:3)
  2 sleepcaps (D:7)
  2 gnolls (D:9)
  9 adders
  3 river rats (D:8)
  2 shadow imps
  An ufetubus (D:5)
  A worm (D:4)
  2 dart slugs
  26 orcs
  3 bats
  3 endoplasms
  3 giant cockroaches
  8 hobgoblins
  10 jackals (D:1)
  5 quokkas
  8 ball pythons
  A frilled lizard (D:1)
  6 goblins
  21 kobolds
  8 rats
237 creatures vanquished.

Vanquished Creatures (collateral kills)
  A boulder beetle (D:11)
  A manticore (D:11)
  A troll (D:12)
  A slime creature (D:12)
  4 yaks
  2 wolves (D:9)
  A kobold brigand (D:11)
  A howler monkey (D:11)
  A gnoll bouda (D:9)
  2 orc wizards
  A gnoll (D:9)
  3 orcs
  3 kobolds (D:11)
22 creatures vanquished.

Vanquished Creatures (others)
  3 orc warriors
  2 orc priests
  2 orc wizards
  9 orcs
16 creatures vanquished.

Grand Total: 275 creatures vanquished

Notes
Turn   | Place    | Note
-------+----------+-------------------------------------------
     0 | D:1      | booth the Hill Orc Monk began the quest for the Orb.
     0 | D:1      | Reached XP level 1. HP: 19/19 MP: 1/1
   187 | D:1      | Reached XP level 2. HP: 27/27 MP: 2/2
   192 | D:1      | Found Onkyghi's Assorted Antiques.
   399 | D:1      | Reached XP level 3. HP: 30/33 MP: 3/3
   402 | D:1      | Reached skill level 1 in Invocations
  1027 | D:2      | Reached skill level 5 in Axes
  1345 | D:2      | Reached XP level 4. HP: 40/40 MP: 5/5
  2091 | D:2      | Reached skill level 10 in Axes
  2091 | D:2      | Reached skill level 5 in Maces & Flails
  2091 | D:2      | Reached XP level 5. HP: 52/52 MP: 5/10
  2356 | D:3      | Noticed Terence
  2367 | D:3      | Killed Terence
  2419 | D:3      | Found an ancient bone altar of Kikubaaqudgha.
  2458 | D:3      | Noticed Sigmund
  2469 | D:3      | Killed Sigmund
  2470 | D:3      | Reached skill level 11 in Axes
  2470 | D:3      | Reached XP level 6. HP: 56/60 MP: 11/11
  2519 | D:3      | Noticed Ijyb
  2541 | D:3      | Killed Ijyb
  2969 | D:4      | Noticed a water moccasin
  2978 | D:4      | Reached XP level 7. HP: 60/67 MP: 12/12
  3008 | D:4      | Noticed Blork the orc
  3022 | D:4      | Killed Blork the orc
  3365 | D:4      | Found Cusiz's Neck Hole.
  3575 | D:4      | Gained mutation: You possess an exceptional clarity of
                  | mind. [potion of mutation]
  3615 | D:5      | Entered Level 5 of the Dungeon
  3700 | D:5      | Noticed Pikel
  3713 | D:5      | Killed Pikel
  3714 | D:5      | Reached XP level 8. HP: 49/74 MP: 13/13
  4644 | D:6      | Reached skill level 12 in Axes
  4754 | D:6      | Became a worshipper of Beogh the Brigand
  4754 | D:6      | Reached * piety under Beogh
  4754 | D:6      | Reached ** piety under Beogh
  5056 | D:6      | Reached XP level 9. HP: 78/82 MP: 15/15
  6237 | D:7      | Found a staircase to the Ecumenical Temple.
  6355 | D:7      | Found a runed translucent door.
  6434 | D:7      | Found an opulent altar of Gozag.
  6441 | D:7      | Found a burning altar of Makhleb.
  6575 | D:7      | Found the +10 tower shield of Ignorance {rN+ Int-4}
  6581 | D:7      | Found a runed translucent door.
  6582 | D:7      | Noticed an orange crystal statue
  6951 | D:8      | Found a staircase to the Lair.
  6951 | D:8      | Noticed a death yak
  6975 | D:8      | Killed a death yak
  6976 | D:8      | Reached skill level 13 in Axes
  6976 | D:8      | Reached XP level 10. HP: 72/91 MP: 16/16
  6977 | D:8      | Noticed a death yak
  6980 | D:8      | Noticed a death yak
  6995 | D:8      | Killed a death yak
  7050 | D:8      | Reached *** piety under Beogh
  7419 | D:8      | Killed a death yak
  7420 | D:8      | Reached skill level 14 in Axes
  7420 | D:8      | Reached skill level 5 in Dodging
  7524 | D:8      | Found Xiumyesch's Antique Armour Shoppe.
  7545 | D:8      | Bought a helmet for 103 gold pieces
  7934 | D:9      | Noticed Joseph
  7954 | D:9      | Killed Joseph
  8028 | D:9      | Identified the +3 leather armour "Wibesue" {Will+ MP+9
                  | SInv}
  8130 | D:9      | Noticed a two-headed ogre
  8139 | D:9      | Killed a two-headed ogre
  8140 | D:9      | Reached skill level 10 in Fighting
  8226 | D:9      | Reached skill level 10 in Invocations
  8229 | D:9      | Reached XP level 11. HP: 99/99 MP: 18/18
  8496 | D:9      | Noticed Grum
  8504 | D:9      | Reached **** piety under Beogh
  8510 | D:9      | Killed Grum
  8922 | D:10     | Entered Level 10 of the Dungeon
  8925 | D:10     | Noticed a two-headed ogre
  8927 | D:10     | Noticed Sonja
  9039 | D:9      | Killed a two-headed ogre
  9040 | D:9      | Reached skill level 15 in Axes
  9051 | D:9      | Killed Sonja
  9394 | D:10     | Noticed Josephine
  9413 | D:10     | Killed Josephine
  9513 | D:10     | Found a staircase to the Orcish Mines.
  9523 | D:10     | Reached skill level 16 in Axes
  9742 | D:11     | Noticed a boulder beetle
  9756 | D:11     | Killed a boulder beetle
  9757 | D:11     | Reached XP level 12. HP: 51/110 MP: 20/20
 10108 | D:11     | Found a gate leading to a gauntlet.
 10118 | D:11     | Noticed a two-headed ogre
 10129 | D:11     | Killed a two-headed ogre
 10517 | D:12     | Noticed a two-headed ogre
 10526 | D:12     | Killed a two-headed ogre
 10570 | D:12     | Reached skill level 17 in Axes
 10689 | D:12     | Noticed a boulder beetle
 10707 | D:12     | Killed a boulder beetle
 10922 | D:12     | Noticed Nessos
 10930 | D:12     | HP: 4/112 [poisoned by Nessos]
 10930 | D:12     | Shot with an arrow by Nessos

Illustrated notes

Levels and vault maps discovered:
D:1:      spicycebolla_arrival_ecumenical, layout_rooms, serial_shops, shop,
          minmay_hedge_maze
D:2:      layout_basic
D:3:      layout_rooms, kiku_gazebo_pond_becter, uniq_sigmund, uniq_ijyb,
          uniq_terence
D:4:      layout_rooms, minmay_misc_feat_pillars,
          nicolae_shop_sticking_my_neck_out, uniq_blork_the_orc
D:5:      layout_cave_pods, amcnicky_mini_corridor_feature, uniq_pikel
D:6:      layout_basic, minmay_misc_feat_room, minmay_liquid_box,
          nicolae_benzene_ring, kennysheep_generic_room_7
D:7:      layout_basic, jmf_multi_god_temple, temple_hall_moat,
          chequers_guarded_unrand_ignorance
D:8:      layout_basic, dpeg_lair_monsters, serial_shops,
          nicolae_shop_statue_plus
D:9:      layout_cross, serial_column_ruins, column_ruins_grid_1,
          column_ruins_open_tiny, column_ruins_grid_3,
          column_ruins_corridor_corner, column_ruins_columns_plus, uniq_grum,
          uniq_joseph
D:10:     layout_rooms, david_orc_3, uniq_sonja, uniq_josephine
D:11:     layout_rooms, gauntlet_entry_generic, minivault_4,
          statue_in_the_mist_lemuel, chequers_serial_rivers_micro_c
D:12:     layout_loops_ring, nicolae_figureground_sparkle, uniq_nessos

Skill      XL: |  1  2  3  4  5  6  7  8  9 10 11 12 |
---------------+-------------------------------------+-----
Fighting       | 4 7 8 9 10 11 | 11.8
Invocations    | 1 6 7 8 10 11 12 | 12.0
Axes           | 5 10 11 12 13 14 16 17 | 17.2
Maces & Flails | 5 |  5.3
Dodging        | 3 4 5 6 7 |  7.1

Action                     |  1- 3 |  4- 6 |  7- 9 | 10-12 || total
---------------------------+-------+-------+-------+-------++-------
  Melee: Hand axe          |    91 |       |       |       ||    91
         War axe           |     8 |    81 |   156 |   316 ||   561
  Throw: Boomerang         |       |       |    10 |    12 ||    22
         Dart              |       |       |     3 |     1 ||     4
 Invoke: Convert to Beogh  |       |       |     1 |       ||     1
         Recall Orcish Fol |       |       |       |     2 ||     2
         Smiting           |       |       |       |     1 ||     1
    Use: Scroll            |     4 |     7 |    12 |     8 ||    31
         Potion            |       |     2 |     4 |     4 ||    10
   Stab: Distracted        |       |       |       |     1 ||     1
 Armour: Robe              |    21 |       |       |       ||    21
         Ring mail         |     3 |    28 |    16 |    45 ||    92
         Scale mail        |       |       |     3 |    42 ||    45
         Steam dragon scal |       |       |     3 |       ||     3
  Dodge: Dodged            |    67 |    35 |    95 |   269 ||   466
